AoeStats
← kkkg

Arena

504996592Analyzed
3v3 RM · 25d ago on Sep 7, 2026· 54m 53s· 6 players
Game mode
Random Map
Map size
Normal (6 player)
Population
200
Speed
Normal
Resources
Standard
Victory
Conquest
Starting age
Dark Age
Ending age
Imperial Age
RankedLock teamsTeams togetherTeam positionsShared explorationLock speedFull tech treeHidden civsTurbo modeCheats
Victory
Defeat
🇨🇳 Shu · China
1192
+14
🇨🇳 Poles · China
1192
+14
🇬🇧 Mongols · United Kingdom
1097
+17
🇻🇳 Mongols · Vietnam
1159
-16
🇨🇳 Hindustanis · China
1146
-15
🇨🇳 Magyars · China
1111
-14
传奇9號
9:47 Feudal Age
14:07 Castle Age
13:57 Double-Bit Axe
13:57 Horse Collar
16:49 Loom
23:22 Wheelbarrow
23:36 Bow Saw
23:30 Heavy Plow
25:58 Scale Barding Armor
26:03 Forging
26:33 Hand Cart
26:04 Town Watch
30:16 Imperial Age
28:27 Chain Barding Armor
28:42 Iron Casting
28:50 Bloodlines
28:41 Husbandry
29:23 Iron Casting
29:29 Grand Trunk Road
29:51 Town Patrol
30:20 Heavy Camel Rider
31:04 Gold Mining
32:20 Plate Barding Armor
32:45 Blast Furnace
33:06 Blast Furnace
33:15 Imperial Camel Rider
34:00 Shatagni
36:20 Chemistry
37:19 Conscription
40:44 Shatagni
43:02 Padded Archer Armor
43:58 Leather Archer Armor
44:07 Ballistics
45:30 Light Cavalry
46:42 Scale Mail Armor
47:20 Ring Archer Armor
47:07 Hussar
Trin Hoa An
10:16 Feudal Age
14:43 Castle Age
13:06 Double-Bit Axe
15:36 Wheelbarrow
16:19 Bow Saw
20:17 Horse Collar
20:58 Loom
21:43 Hand Cart
23:29 Town Watch
28:16 Imperial Age
26:24 Gold Mining
26:26 Stone Mining
27:03 Bloodlines
27:09 Forging
27:05 Scale Barding Armor
29:28 Chain Barding Armor
29:43 Iron Casting
30:28 Conscription
30:56 Fletching
31:07 Padded Archer Armor
31:42 Iron Casting
31:56 Drill
32:18 Siege Engineers
35:04 Chemistry
34:24 Ballistics
34:02 Bodkin Arrow
34:23 Leather Archer Armor
34:38 Fortified Wall
34:49 Bracer
35:50 Blast Furnace
34:19 Light Cavalry
35:55 Gold Shaft Mining
35:55 Stone Shaft Mining
35:47 Masonry
36:19 Husbandry
35:40 Light Cavalry
36:26 Murder Holes
37:40 Blast Furnace
37:39 Stone Shaft Mining
36:28 Hussar
37:54 Leather Archer Armor
38:06 Onager
44:46 Siege Onager
47:10 Nomads
50:07 Heavy Scorpion
kkkg
11:33 Feudal Age
12:13 Double-Bit Axe
15:20 Castle Age
13:34 Horse Collar
16:47 Bow Saw
22:28 Wheelbarrow
23:00 Stone Mining
23:05 Gold Mining
23:15 Gold Mining
25:51 Hand Cart
27:16 Gold Shaft Mining
30:02 Imperial Age
27:21 Loom
27:21 Town Watch
27:34 Treadmill Crane
28:15 Ballistics
28:07 Scale Barding Armor
27:53 Fletching
28:04 Padded Archer Armor
29:21 Bodkin Arrow
29:47 Chain Barding Armor
29:34 Town Patrol
30:13 Masonry
30:07 Husbandry
30:18 Bloodlines
30:34 Leather Archer Armor
30:57 Bracer
31:40 Conscription
31:24 Corvinian Army
32:30 Parthian Tactics
32:12 Thumb Ring
31:40 Heavy Cavalry Archer
33:40 Two-Man Saw
32:43 Heavy Plow
34:43 Ring Archer Armor
34:52 Plate Barding Armor
34:05 Elite Magyar Huszar
35:54 Recurve Bow
37:40 Chemistry
36:19 Capped Ram
39:32 Crop Rotation
40:41 Siege Engineers
45:53 Elite Skirmisher
Ultimate_Boredom
10:22 Feudal Age
11:28 Loom
15:25 Castle Age
13:51 Double-Bit Axe
14:16 Horse Collar
16:21 Bow Saw
18:27 Wheelbarrow
18:39 Heavy Plow
23:13 Stone Mining
23:16 Gold Mining
23:59 Hand Cart
23:33 Town Watch
25:16 Stone Shaft Mining
30:03 Imperial Age
27:59 Ballistics
27:32 Fletching
29:06 Gold Shaft Mining
28:39 Town Patrol
28:59 Fortified Wall
28:44 Murder Holes
29:10 Padded Archer Armor
29:14 Nomads
30:42 Thumb Ring
30:49 Bloodlines
30:40 Husbandry
31:53 Hoardings
31:43 Conscription
33:14 Chemistry
32:26 Masonry
32:14 Bodkin Arrow
33:28 Parthian Tactics
33:04 Bracer
33:19 Leather Archer Armor
33:45 Elite Mangudai
48:46 Scale Barding Armor
48:51 Forging
48:37 Light Cavalry
49:24 Hussar
50:44 Chain Barding Armor
51:57 Iron Casting
53:51 Blast Furnace
系色望
5:53 Loom
12:05 Feudal Age
15:54 Castle Age
14:25 Double-Bit Axe
14:32 Horse Collar
22:03 Heavy Plow
23:27 Bow Saw
26:29 Wheelbarrow
28:32 Imperial Age
26:22 Gold Mining
26:22 Stone Mining
27:25 Hand Cart
27:49 Stone Shaft Mining
27:57 Szlachta Privileges
29:34 Conscription
30:01 Cavalier
30:44 Husbandry
30:56 Bloodlines
30:41 Light Cavalry
31:44 Lechitic Legacy
31:39 Forging
31:29 Scale Mail Armor
32:25 Scale Barding Armor
32:39 Forging
32:20 Winged Hussar
32:22 Pikeman
35:05 Iron Casting
34:50 Chain Barding Armor
34:58 Squires
35:25 Scale Mail Armor
38:31 Chain Mail Armor
39:16 Blast Furnace
40:00 Plate Mail Armor
40:06 Plate Mail Armor
40:31 Elite Obuch
44:42 Crop Rotation
51:25 Onager
大牛魔
11:05 Feudal Age
11:30 Double-Bit Axe
14:36 Castle Age
12:29 Horse Collar
15:35 Bow Saw
21:17 Wheelbarrow
21:11 Heavy Plow
21:39 Gold Mining
22:39 Stone Mining
23:22 Hand Cart
27:57 Imperial Age
25:41 Town Watch
26:19 Ballistics
25:27 Crossbowman
26:02 Fletching
26:12 Padded Archer Armor
27:20 Gold Shaft Mining
27:05 Masonry
26:53 Bodkin Arrow
27:08 Thumb Ring
27:48 Scale Mail Armor
28:01 Forging
29:42 Two-Man Saw
28:06 Pikeman
28:09 Arbalester
28:52 Bracer
30:34 Chemistry
29:44 Siege Engineers
30:48 Conscription
31:40 Bolt Magazine
31:58 Leather Archer Armor
31:59 Chain Mail Armor
31:23 Elite Skirmisher
31:36 Capped Ram
32:50 Elite White Feather Guard
34:05 Plate Mail Armor
34:06 Ring Archer Armor
36:15 Hoardings
36:41 Architecture
36:31 Squires
37:50 Coiled Serpent Array
39:49 Halberdier
40:18 Arson
42:39 Siege Ram
Connection lost

Rejoining the realm…

Still unreachable

The connection could not be restored.

Session expired

The server has moved on; the page needs a fresh start.